Kings vs Kraken

Created - 22 février 2024 at 20:12

Goals
1 2 3 T
Kings 0 4 1 5
Kraken 1 0 1 2
Shots
1 2 3 T
Kings 10 14 8 32
Kraken 15 8 9 32

GoalsPenalties
1st period
1. Kraken , Jesperi Kotkaniemi 11 (Erik Haula 12) at 6:46
Artemi Panarin (LAK) for Interference (Minor) at 11:46
2nd period
2. Kings , Tomas Hertl 33 (Alex Ovechkin 37) at 6:46 (PP)
3. Kings , Sean Kuraly 11 (Christian Fischer 13, Brian Dumoulin 18) at 7:40
4. Kings , Carl Grundstrom 11 (Alex Goligoski 14, Jayson Megna 12) at 16:24
5. Kings , Tage Thompson 16 (Artemi Panarin 28, Jeff Carter 25) at 17:48
Jesperi Kotkaniemi (SEA) for Tripping (Minor) at 5:44
3rd period
6. Kings , Christian Fischer 12 (Sean Kuraly 8, Brian Dumoulin 19) at 14:28
7. Kraken , Luke Evangelista 10 (Jordan Kyrou 15) at 16:53
No Penalty
Goalie Stats
Alexandar Georgiev (LAK), 30 saves from 32 shots - (0,938), W, 25-13-3, 60:00 minutes
Igor Shesterkin (SEA), 27 saves from 32 shots - (0,844), L, 21-14-2, 60:00 minutes
3 StarsOfficial
1 - Sean Kuraly (LAK)
2 - Christian Fischer (LAK)
3 - Tage Thompson (LAK)
Referees : Chris Rooney and Troy Paterson
Linesman : Luke Galvin and Justin Cornell
Game Note
4:12 of 1st period - Kraken goal is going for a video replay. After video review, No Goal. The attacking player has interfered with a goalkeeper in his goal crease.
Finance
Level 1 -- Attendance: 6000 (100,00%) -- Ticket Income $600,000
Level 2 -- Attendance: 4470 (89,40%) -- Ticket Income $268,200
Level 3 -- Attendance: 2000 (100,00%) -- Ticket Income $70,000
Level 4 -- Attendance: 3939 (98,48%) -- Ticket Income $78,780
Luxury Box -- Attendance: 895 (89,50%) -- Ticket Income $179,000
Game was played at the Hellgates Center.
Total Attendance: 17304 (96,13%)
Total Ticket Income: $1,195,980
Other Income: $586,030
Total Income: $1,782,010



Team Name Goals Shots Shots Attemp Shots Blocked PIM HIT PP PK FO%
Kings 5326962251 / 1 (100%)074%
Kraken 23259142250 / 1 (0%)126%

Kings
Player Name POS G A P +/- PIM HIT SHT SB MP PP MP PP SHT PK MP PK SHT FO% FOT GA TA
Alex GoligoskiD0111013120:170:1200:5000% 001
Alex OvechkinLW/RW011-1022018:270:3200:290100% 210
Anthony RichardC/LW0000030010:300:0000:0000% 010
Artemi PanarinLW/RW0111225017:330:3000:0000% 000
Brian DumoulinD0222011022:290:5000:0000% 000
Carl GrundstromLW/RW1010012110:300:0000:0000% 050
Christian FischerC/RW1122003013:390:0001:0000% 010
Jayson MegnaC/RW0110012011:000:0000:30060% 511
Jeff CarterC/RW0111010117:240:3000:30065% 2001
Jonas BrodinD0002040024:180:5001:0900% 022
Jordan EberleC/RW000-1001017:580:3200:00050% 210
Joshua BrownD000-1000015:250:0000:0000% 010
Milan LucicLW0002011111:590:0000:0000% 010
Olli MaattaD0001010220:170:1200:5000% 001
Sean KuralyC/LW1122013013:390:0001:000100% 410
Tage ThompsonC/LW/RW1011033016:540:3000:000100% 110
Tomas HertlC/LW/RW101-1026018:270:3210:29078% 2320
Trevor van RiemsdykD000-1010017:140:0001:0900% 001
Kraken
Player Name POS G A P +/- PIM HIT SHT SB MP PP MP PP SHT PK MP PK SHT FO% FOT GA TA
Brandon MontourD0000033021:090:5600:0000% 002
Cole CaufieldLW/RW000-3051218:341:0000:000100% 100
Conor ShearyC/LW/RW0001012015:120:0000:4000% 120
Danton HeinenC/LW/RW000001209:150:0000:0000% 022
Erik HaulaC/LW0111011116:240:5900:40029% 1701
Jack HughesC/LW000-3000118:341:0000:00025% 1600
Jan RuttaD000-1012120:180:0000:2200% 002
Jesperi KotkaniemiC/LW1011212014:310:0000:0000% 010
Jon MerrillD000-1000117:000:5000:0000% 000
Jonathan MarchessaultC/LW/RW0000011016:370:5900:0000% 002
Jordan KyrouC/RW0110006016:370:5900:00027% 1511
Kirill KaprizovLW/RW000-3024318:341:0000:0000% 002
Kris LetangD000-1042122:571:0900:4000% 000
Luke EvangelistaRW1010021015:250:0000:0000% 211
Marcus PetterssonD0000011121:330:5001:0200% 004
Nick BlankenburgD000-1011117:030:1300:0000% 001
Peyton KrebsC/LW000001129:370:0000:2210% 300
Tanner PearsonLW/RW000000209:370:0000:22050% 200

Kings

5 vs 5 Forward
Line #Left WingCenterRight WingPHYDFOFWanted %Time %Time Play
1Alex OvechkinTomas HertlJordan Eberle0143832%18:06
2Artemi PanarinJeff CarterTage Thompson0233529%16:24
3Milan LucicSean KuralyChristian Fischer1132021%11:59
4Anthony RichardJayson MegnaCarl Grundstrom122718%10:30
5 vs 5 Defense
Line #DefenseDefensePHYDFOFWanted %Time %Time Play
1Jonas BrodinBrian Dumoulin1314039%22:19
2Alex GoligoskiOlli Maatta1313534%19:15
3Trevor van RiemsdykJoshua Brown1402527%15:25
4Jonas BrodinBrian Dumoulin12200%0:00
Power Play Forward
Line #Left WingCenterRight WingPHYDFOFWanted %Time %Time Play
1Alex OvechkinTomas HertlJordan Eberle0056052%0:32
2Artemi PanarinJeff CarterTage Thompson0054048%0:30
Power Play Defense
Line #DefenseDefensePHYDFOFWanted %Time %Time Play
1Jonas BrodinBrian Dumoulin0146081%0:50
2Alex GoligoskiOlli Maatta0144019%0:12
Penalty Kill 4 Players Forward
Line #CenterWingPHYDFOFWanted %Time %Time Play
1Sean KuralyChristian Fischer1406075%1:29
2Jeff CarterJayson Megna1404025%0:30
Penalty Kill 4 Players Defense
Line #DefenseDefensePHYDFOFWanted %Time %Time Play
1Trevor van RiemsdykJonas Brodin1406058%1:09
2Alex GoligoskiOlli Maatta1404042%0:50
Penalty Kill 3 Players
Line #WingPHYDFOFWanted %Time %Time PlayDefenseDefensePHYDFOFWanted %Time %Time Play
1Sean Kuraly140600%0:00 Jonas BrodinBrian Dumoulin140600%0:00
2Jeff Carter140400%0:00 Alex GoligoskiOlli Maatta140400%0:00
4 vs 4 Forward
Line #CenterWingPHYDFOFWanted %Time %Time Play
1Tomas HertlAlex Ovechkin014600%0:00
2Tage ThompsonJordan Eberle014400%0:00
4 vs 4 Defense
Line #DefensePHYDFOFWanted %Time %Time Play
1Jonas BrodinTrevor van Riemsdyk122600%0:00
2Alex GoligoskiOlli Maatta122400%0:00
Last Minutes Offensive
Left WingCenterRight WingDefenseDefense
Alex OvechkinTomas HertlArtemi PanarinJonas BrodinBrian Dumoulin
Last Minutes Defensive
Left WingCenterRight WingDefenseDefense
Sean KuralyJeff CarterJayson MegnaJonas BrodinBrian Dumoulin
Time
Total ForwardTotal DefenseLast Minutes OffensiveLast Minutes Defensive
60:00 60:00 0:000:00
Extra Forwards
Normal PowerPlayPenalty Kill
Carl Grundstrom, Tomas Hertl, Jeff CarterTomas Hertl, Carl GrundstromTomas Hertl
Extra Defensemen
Normal PowerPlayPenalty Kill
Trevor van Riemsdyk, Jonas Brodin, Olli MaattaTrevor van Riemsdyk, Alex GoligoskiJonas Brodin
Penalty Shots
Tage Thompson, Jeff Carter, Tomas Hertl, Alex Ovechkin, Carl Grundstrom
Goalie
Alexandar Georgiev, Martin Jones
Custom OT Lines Forwards
Alex Ovechkin, Artemi Panarin, Tomas Hertl, Carl Grundstrom, Jeff Carter, Tage Thompson, Sean Kuraly, Jordan Eberle, Christian Fischer, Milan Lucic
Custom OT Lines Defensemen
Jonas Brodin, Alex Goligoski, Brian Dumoulin, Olli Maatta, Trevor van Riemsdyk
Scratches
Rudolfs Balcers (Healthy), Matt Irwin (Healthy)

Kraken

5 vs 5 Forward
Line #Left WingCenterRight WingPHYDFOFWanted %Time %Time Play
1Kirill KaprizovJack HughesCole Caufield0143231%17:34
2Jonathan MarchessaultJordan KyrouLuke Evangelista0142927%15:38
3Jesperi KotkaniemiErik HaulaConor Sheary0142926%14:32
4Danton HeinenPeyton KrebsTanner Pearson0231016%9:15
5 vs 5 Defense
Line #DefenseDefensePHYDFOFWanted %Time %Time Play
1Kris LetangJan Rutta0233536%20:36
2Marcus PetterssonBrandon Montour0233535%19:41
3Nick BlankenburgJon Merrill1222728%16:10
4Kris LetangBrandon Montour12231%0:32
Power Play Forward
Line #Left WingCenterRight WingPHYDFOFWanted %Time %Time Play
1Kirill KaprizovJack HughesCole Caufield0055350%1:00
2Erik HaulaJonathan MarchessaultJordan Kyrou0054750%0:59
Power Play Defense
Line #DefenseDefensePHYDFOFWanted %Time %Time Play
1Kris LetangBrandon Montour0235358%1:09
2Marcus PetterssonJon Merrill0234742%0:50
Penalty Kill 4 Players Forward
Line #CenterWingPHYDFOFWanted %Time %Time Play
1Erik HaulaConor Sheary1226065%0:40
2Jesperi KotkaniemiPeyton Krebs1224035%0:22
Penalty Kill 4 Players Defense
Line #DefenseDefensePHYDFOFWanted %Time %Time Play
1Kris LetangMarcus Pettersson1226065%0:40
2Marcus PetterssonJan Rutta1224035%0:22
Penalty Kill 3 Players
Line #WingPHYDFOFWanted %Time %Time PlayDefenseDefensePHYDFOFWanted %Time %Time Play
1Erik Haula122600%0:00 Marcus PetterssonJan Rutta122600%0:00
2Jesperi Kotkaniemi122400%0:00 Kris LetangNick Blankenburg122400%0:00
4 vs 4 Forward
Line #CenterWingPHYDFOFWanted %Time %Time Play
1Jack HughesKirill Kaprizov014500%0:00
2Jordan KyrouJonathan Marchessault014500%0:00
4 vs 4 Defense
Line #DefensePHYDFOFWanted %Time %Time Play
1Kris LetangBrandon Montour023500%0:00
2Marcus PetterssonJan Rutta023500%0:00
Last Minutes Offensive
Left WingCenterRight WingDefenseDefense
Kirill KaprizovJack HughesJordan KyrouKris LetangBrandon Montour
Last Minutes Defensive
Left WingCenterRight WingDefenseDefense
Kirill KaprizovJack HughesJordan KyrouKris LetangBrandon Montour
Time
Total ForwardTotal DefenseLast Minutes OffensiveLast Minutes Defensive
60:00 60:00 0:000:00
Extra Forwards
Normal PowerPlayPenalty Kill
Conor Sheary, Jesperi Kotkaniemi, Jonathan MarchessaultConor Sheary, Jesperi KotkaniemiTanner Pearson
Extra Defensemen
Normal PowerPlayPenalty Kill
Nick Blankenburg, Jon Merrill, Marcus PetterssonNick Blankenburg, Jon MerrillMarcus Pettersson
Penalty Shots
Kirill Kaprizov, Jack Hughes, Jordan Kyrou, Jonathan Marchessault, Erik Haula
Goalie
Igor Shesterkin, Laurent Brossoit
Custom OT Lines Forwards
Kirill Kaprizov, Jack Hughes, Jordan Kyrou, Jonathan Marchessault, Erik Haula, Cole Caufield, Luke Evangelista, Jesperi Kotkaniemi, Conor Sheary, Tanner Pearson
Custom OT Lines Defensemen
Kris Letang, Brandon Montour, Marcus Pettersson, Jan Rutta, Nick Blankenburg
Scratches
Nikolai Knyzhov (Healthy), Matias Maccelli (Healthy), Lias Andersson (Healthy)


Play-by-Play

1st period


0:01 of 1st period - Tomas Hertl wins face-off versus Jack Hughes in neutral zone.
0:27 of 1st period - Brian Dumoulin is hit by Kris Letang and loses puck.
0:43 of 1st period - Icing by Kris Letang.
0:44 of 1st period - Sean Kuraly wins face-off versus Jordan Kyrou in Kraken zone.
0:49 of 1st period - Slapshot by Christian Fischer.
0:49 of 1st period - Shot Blocked by Jan Rutta.
0:51 of 1st period - Slapshot by Joshua Brown.
0:51 of 1st period - Deflect By Christian Fischer.
0:51 of 1st period - Shot Misses the Net.
0:51 of 1st period - Puck is out of play.
0:52 of 1st period - Sean Kuraly wins face-off versus Erik Haula in Kraken zone.
0:55 of 1st period - Slapshot by Christian Fischer.
0:55 of 1st period - Stopped by Igor Shesterkin with a rebound.
1:22 of 1st period - Backhand shot by Alex Ovechkin.
1:22 of 1st period - Deflect By Jordan Eberle.
1:22 of 1st period - Shot Misses the Net.
1:22 of 1st period - Puck is out of play.
1:23 of 1st period - Jeff Carter wins face-off versus Jack Hughes in Kraken zone.
1:24 of 1st period - Slapshot by Artemi Panarin.
1:24 of 1st period - Shot Misses the Net.
1:34 of 1st period - Wrist shot by Kirill Kaprizov.
1:34 of 1st period - Shot Misses the Net.
1:36 of 1st period - Slapshot by Nick Blankenburg.
1:36 of 1st period - Deflect By Artemi Panarin.
1:36 of 1st period - Stopped by Alexandar Georgiev with a rebound.
1:38 of 1st period - Slapshot by Nick Blankenburg.
1:38 of 1st period - Shot Blocked by Olli Maatta.
1:40 of 1st period - Slapshot by Nick Blankenburg.
1:40 of 1st period - Deflect By Cole Caufield.
1:40 of 1st period - Shot Misses the Net.
1:40 of 1st period - Puck is out of play.
1:41 of 1st period - Jayson Megna wins face-off versus Erik Haula in Kings zone.
2:06 of 1st period - Nick Blankenburg is hit by Jonas Brodin and loses puck.
2:42 of 1st period - Icing by Luke Evangelista.
2:43 of 1st period - Tomas Hertl wins face-off versus Jordan Kyrou in Kraken zone.
2:48 of 1st period - Snap shot by Alex Ovechkin.
2:48 of 1st period - Shot Misses the Net.
2:54 of 1st period - Snap shot by Jordan Kyrou.
2:54 of 1st period - Deflect By Jonathan Marchessault.
2:54 of 1st period - Stopped by Alexandar Georgiev with a rebound.
2:56 of 1st period - Slapshot by Jordan Kyrou.
2:56 of 1st period - Stopped by Alexandar Georgiev without a rebound.
2:57 of 1st period - Tomas Hertl wins face-off versus Jack Hughes in Kings zone.
3:10 of 1st period - Slapshot by Kirill Kaprizov.
3:10 of 1st period - Shot Misses the Net.
3:12 of 1st period - Slapshot by Marcus Pettersson.
3:12 of 1st period - Deflect By Kirill Kaprizov.
3:12 of 1st period - Stopped by Alexandar Georgiev with a rebound.
3:14 of 1st period - Wrist shot by Jack Hughes.
3:14 of 1st period - Shot Misses the Net.
3:30 of 1st period - Wrist shot by Erik Haula.
3:30 of 1st period - Shot Misses the Net.
3:32 of 1st period - Slapshot by Jan Rutta.
3:32 of 1st period - Stopped by Alexandar Georgiev with a rebound.
3:34 of 1st period - Slapshot by Jan Rutta.
3:34 of 1st period - Stopped by Alexandar Georgiev without a rebound.
3:35 of 1st period - Jayson Megna wins face-off versus Peyton Krebs in Kings zone.
3:35 of 1st period - Jayson Megna is hit by Peyton Krebs.
3:41 of 1st period - Snap shot by Carl Grundstrom.
3:41 of 1st period - Shot Misses the Net.
3:48 of 1st period - Icing by Marcus Pettersson.
3:49 of 1st period - Tomas Hertl wins face-off versus Peyton Krebs in Kraken zone.
3:50 of 1st period - Slapshot by Alex Ovechkin.
3:50 of 1st period - Deflect By Tomas Hertl.
3:50 of 1st period - Stopped by Igor Shesterkin with a rebound.
4:10 of 1st period - Wrist shot by Tanner Pearson.
4:10 of 1st period - Shot Misses the Net.
4:12 of 1st period - Wrist shot by Tanner Pearson.
4:12 of 1st period - Kraken goal is going for a video replay.
4:12 of 1st period - The goal is refused. The attacking player has interfered with a goalkeeper in his goal crease..
4:13 of 1st period - Jeff Carter wins face-off versus Jack Hughes in Kings zone.
4:13 of 1st period - Jeff Carter is hit by Kirill Kaprizov.
5:00 of 1st period - Snap shot by Jordan Kyrou.
5:00 of 1st period - Stopped by Alexandar Georgiev without a rebound.
5:01 of 1st period - Sean Kuraly wins face-off versus Luke Evangelista in Kings zone.
5:12 of 1st period - Brian Dumoulin is hit by Jan Rutta and loses puck.
5:55 of 1st period - Jayson Megna is hit by Kris Letang and loses puck.
6:14 of 1st period - Wrist shot by Kirill Kaprizov.
6:14 of 1st period - Shot Misses the Net.
6:28 of 1st period - Slapshot by Kirill Kaprizov.
6:28 of 1st period - Shot Misses the Net.
6:30 of 1st period - Snap shot by Jack Hughes.
6:30 of 1st period - Shot Blocked by Alex Goligoski.
6:38 of 1st period - Snap shot by Kirill Kaprizov.
6:38 of 1st period - Stopped by Alexandar Georgiev with a rebound.
6:40 of 1st period - Snap shot by Cole Caufield.
6:40 of 1st period - Stopped by Alexandar Georgiev without a rebound.
6:41 of 1st period - Erik Haula wins face-off versus Tomas Hertl in Kings zone.
6:46 of 1st period - Wrist shot by Jesperi Kotkaniemi.
6:46 of 1st period - Goal by Jesperi Kotkaniemi - Kings : 0 - Kraken : 1.
6:47 of 1st period - Tomas Hertl wins face-off versus Erik Haula in neutral zone.
7:13 of 1st period - Marcus Pettersson is hit by Tage Thompson and loses puck.
7:58 of 1st period - Wrist shot by Jayson Megna.
7:58 of 1st period - Shot Misses the Net.
9:15 of 1st period - Slapshot by Kris Letang.
9:15 of 1st period - Shot Misses the Net.
9:21 of 1st period - Slapshot by Jordan Eberle.
9:21 of 1st period - Shot Misses the Net.
9:55 of 1st period - Artemi Panarin is hit by Brandon Montour.
10:50 of 1st period - Jon Merrill is hit by Anthony Richard.
10:54 of 1st period - Anthony Richard is hit by Danton Heinen and loses puck.
11:13 of 1st period - Jordan Eberle is hit by Erik Haula and loses puck.
11:46 of 1st period - Minor Penalty to Artemi Panarin for Interference.
11:47 of 1st period - Sean Kuraly wins face-off versus Jack Hughes in Kings zone.
12:14 of 1st period - Trevor van Riemsdyk is hit by Marcus Pettersson and loses puck.
12:23 of 1st period - Wrist shot by Jordan Kyrou.
12:23 of 1st period - Shot Misses the Net.
12:46 of 1st period - Olli Maatta is hit by Cole Caufield and loses puck.
13:13 of 1st period - Marcus Pettersson is hit by Jayson Megna and loses puck.
13:46 of 1st period - Penalty to Artemi Panarin is over, Artemi Panarin is back on ice.
13:52 of 1st period - Jonas Brodin is hit by Nick Blankenburg and loses puck.
14:13 of 1st period - Wrist shot by Christian Fischer.
14:13 of 1st period - Shot Blocked by Peyton Krebs.
14:15 of 1st period - Snap shot by Artemi Panarin.
14:15 of 1st period - Stopped by Igor Shesterkin with a rebound.
14:25 of 1st period - Snap shot by Christian Fischer.
14:25 of 1st period - Stopped by Igor Shesterkin without a rebound.
14:26 of 1st period - Tomas Hertl wins face-off versus Jack Hughes in Kraken zone.
14:33 of 1st period - Slapshot by Alex Ovechkin.
14:33 of 1st period - Deflect By Jordan Eberle.
14:33 of 1st period - Stopped by Igor Shesterkin with a rebound.
14:35 of 1st period - Snap shot by Alex Ovechkin.
14:35 of 1st period - Stopped by Igor Shesterkin with a rebound.
14:37 of 1st period - Slapshot by Alex Goligoski.
14:37 of 1st period - Stopped by Igor Shesterkin without a rebound.
14:38 of 1st period - Tomas Hertl wins face-off versus Peyton Krebs in Kraken zone.
14:39 of 1st period - Backhand shot by Alex Ovechkin.
14:39 of 1st period - Deflect By Tomas Hertl.
14:39 of 1st period - Stopped by Igor Shesterkin with a rebound.
14:49 of 1st period - Slapshot by Brandon Montour.
14:49 of 1st period - Shot Blocked by Olli Maatta.
14:51 of 1st period - Slapshot by Brandon Montour.
14:51 of 1st period - Stopped by Alexandar Georgiev with a rebound.
14:53 of 1st period - Slapshot by Brandon Montour.
14:53 of 1st period - Stopped by Alexandar Georgiev without a rebound.
14:54 of 1st period - Jeff Carter wins face-off versus Erik Haula in Kings zone.
15:01 of 1st period - Snap shot by Artemi Panarin.
15:01 of 1st period - Shot Blocked by Erik Haula.
15:19 of 1st period - Nick Blankenburg is hit by Tomas Hertl and loses puck.
15:26 of 1st period - Brandon Montour is hit by Alex Ovechkin and loses puck.
15:49 of 1st period - Wrist shot by Tanner Pearson.
15:49 of 1st period - Shot Misses the Net.
15:51 of 1st period - Slapshot by Jan Rutta.
15:51 of 1st period - Shot Misses the Net.
15:53 of 1st period - Slapshot by Kris Letang.
15:53 of 1st period - Stopped by Alexandar Georgiev without a rebound.
15:54 of 1st period - Jeff Carter wins face-off versus Erik Haula in Kings zone.
16:09 of 1st period - Wrist shot by Jesperi Kotkaniemi.
16:09 of 1st period - Shot Blocked by Jeff Carter.
16:19 of 1st period - Tomas Hertl is hit by Cole Caufield and loses puck.
16:53 of 1st period - Icing by Brandon Montour.
16:54 of 1st period - Tage Thompson wins face-off versus Jordan Kyrou in Kraken zone.
17:05 of 1st period - Wrist shot by Tage Thompson.
17:05 of 1st period - Deflect By Artemi Panarin.
17:05 of 1st period - Stopped by Igor Shesterkin without a rebound.
17:06 of 1st period - Erik Haula wins face-off versus Jeff Carter in Kraken zone.
17:36 of 1st period - Wrist shot by Alex Ovechkin.
17:36 of 1st period - Deflect By Kris Letang.
17:36 of 1st period - Shot Misses the Net.
17:36 of 1st period - Puck is out of play.
17:37 of 1st period - Jack Hughes wins face-off versus Jeff Carter in Kraken zone.
17:44 of 1st period - Snap shot by Kirill Kaprizov.
17:44 of 1st period - Stopped by Alexandar Georgiev without a rebound.
17:45 of 1st period - Jeff Carter wins face-off versus Jack Hughes in Kings zone.
17:45 of 1st period - Jeff Carter is hit by Brandon Montour.
18:02 of 1st period - Off-side.
18:03 of 1st period - Tomas Hertl wins face-off versus Erik Haula in neutral zone.
18:06 of 1st period - Wrist shot by Jordan Eberle.
18:06 of 1st period - Shot Misses the Net.
18:08 of 1st period - Snap shot by Tomas Hertl.
18:08 of 1st period - Stopped by Igor Shesterkin without a rebound.
18:09 of 1st period - Erik Haula wins face-off versus Tomas Hertl in Kraken zone.
19:18 of 1st period - Tanner Pearson is hit by Trevor van Riemsdyk and loses puck.
19:42 of 1st period - Wrist shot by Erik Haula.
19:42 of 1st period - Shot Misses the Net.
19:58 of 1st period - Jonathan Marchessault is hit by Jonas Brodin and loses puck.
Goals for this period are 0 for Kings vs 1 for Kraken.
Shots for this period are 10 for Kings vs 15 for Kraken.

2nd period


0:01 of 2nd period - Jeff Carter wins face-off versus Jordan Kyrou in neutral zone.
0:04 of 2nd period - Brandon Montour is hit by Artemi Panarin and loses puck.
0:25 of 2nd period - Alex Ovechkin is hit by Brandon Montour and loses puck.
0:34 of 2nd period - Slapshot by Brian Dumoulin.
0:34 of 2nd period - Stopped by Igor Shesterkin without a rebound.
0:35 of 2nd period - Erik Haula wins face-off versus Jeff Carter in Kraken zone.
1:46 of 2nd period - Slapshot by Carl Grundstrom.
1:46 of 2nd period - Shot Blocked by Marcus Pettersson.
2:10 of 2nd period - Snap shot by Artemi Panarin.
2:10 of 2nd period - Stopped by Igor Shesterkin without a rebound.
2:11 of 2nd period - Alex Ovechkin wins face-off versus Jordan Kyrou in Kraken zone.
2:26 of 2nd period - Slapshot by Jordan Kyrou.
2:26 of 2nd period - Stopped by Alexandar Georgiev with a rebound.
3:01 of 2nd period - Christian Fischer is hit by Conor Sheary and loses puck.
3:08 of 2nd period - Wrist shot by Jesperi Kotkaniemi.
3:08 of 2nd period - Stopped by Alexandar Georgiev without a rebound.
3:09 of 2nd period - Jordan Eberle wins face-off versus Jordan Kyrou in Kings zone.
3:18 of 2nd period - Jonas Brodin is hit by Kris Letang and loses puck.
4:47 of 2nd period - Snap shot by Jordan Kyrou.
4:47 of 2nd period - Shot Misses the Net.
5:01 of 2nd period - Snap shot by Artemi Panarin.
5:01 of 2nd period - Deflect By Brandon Montour.
5:01 of 2nd period - Shot Misses the Net.
5:01 of 2nd period - Puck is out of play.
5:02 of 2nd period - Jeff Carter wins face-off versus Jack Hughes in Kraken zone.
5:07 of 2nd period - Snap shot by Artemi Panarin.
5:07 of 2nd period - Stopped by Igor Shesterkin without a rebound.
5:08 of 2nd period - Cole Caufield wins face-off versus Jeff Carter in Kraken zone.
5:34 of 2nd period - Off-side.
5:35 of 2nd period - Alex Ovechkin wins face-off versus Erik Haula in neutral zone.
5:44 of 2nd period - Minor Penalty to Jesperi Kotkaniemi for Tripping.
5:45 of 2nd period - Tomas Hertl wins face-off versus Erik Haula in Kraken zone.
6:28 of 2nd period - Icing by Jeff Carter.
6:29 of 2nd period - Tanner Pearson wins face-off versus Jeff Carter in Kings zone.
6:34 of 2nd period - Snap shot by Peyton Krebs.
6:34 of 2nd period - Stopped by Alexandar Georgiev without a rebound.
6:35 of 2nd period - Tomas Hertl wins face-off versus Tanner Pearson in Kings zone.
6:46 of 2nd period - Slapshot by Tomas Hertl.
6:46 of 2nd period - Goal by Tomas Hertl - Kings : 1 - Kraken : 1.
6:47 of 2nd period - Jeff Carter wins face-off versus Jordan Kyrou in neutral zone.
7:25 of 2nd period - Marcus Pettersson is hit by Alex Ovechkin and loses puck.
7:40 of 2nd period - Backhand shot by Sean Kuraly.
7:40 of 2nd period - Goal by Sean Kuraly - Kings : 2 - Kraken : 1.
7:41 of 2nd period - Jeff Carter wins face-off versus Jordan Kyrou in neutral zone.
7:46 of 2nd period - Kris Letang is hit by Tage Thompson and loses puck.
8:28 of 2nd period - Olli Maatta is hit by Jesperi Kotkaniemi and loses puck.
8:33 of 2nd period - Slapshot by Jesperi Kotkaniemi.
8:33 of 2nd period - Shot Misses the Net.
8:53 of 2nd period - Snap shot by Carl Grundstrom.
8:53 of 2nd period - Shot Blocked by Peyton Krebs.
8:55 of 2nd period - Slapshot by Carl Grundstrom.
8:55 of 2nd period - Shot Misses the Net.
10:15 of 2nd period - Tanner Pearson is hit by Anthony Richard and loses puck.
10:32 of 2nd period - Jonathan Marchessault is hit by Tage Thompson and loses puck.
11:07 of 2nd period - Jordan Eberle is hit by Cole Caufield and loses puck.
12:09 of 2nd period - Snap shot by Carl Grundstrom.
12:09 of 2nd period - Stopped by Igor Shesterkin with a rebound.
12:19 of 2nd period - Brandon Montour is hit by Carl Grundstrom and loses puck.
12:36 of 2nd period - Snap shot by Jordan Kyrou.
12:36 of 2nd period - Shot Misses the Net.
12:38 of 2nd period - Slapshot by Brandon Montour.
12:38 of 2nd period - Shot Misses the Net.
12:46 of 2nd period - Snap shot by Jordan Kyrou.
12:46 of 2nd period - Shot Blocked by Carl Grundstrom.
12:48 of 2nd period - Wrist shot by Jordan Kyrou.
12:48 of 2nd period - Stopped by Alexandar Georgiev without a rebound.
12:49 of 2nd period - Jack Hughes wins face-off versus Tomas Hertl in Kings zone.
13:26 of 2nd period - Snap shot by Artemi Panarin.
13:26 of 2nd period - Deflect By Tage Thompson.
13:26 of 2nd period - Stopped by Igor Shesterkin with a rebound.
13:56 of 2nd period - Alex Ovechkin is hit by Kris Letang and loses puck.
14:15 of 2nd period - Slapshot by Kris Letang.
14:15 of 2nd period - Deflect By Danton Heinen.
14:15 of 2nd period - Stopped by Alexandar Georgiev with a rebound.
14:29 of 2nd period - Snap shot by Danton Heinen.
14:29 of 2nd period - Stopped by Alexandar Georgiev with a rebound.
14:35 of 2nd period - Snap shot by Tanner Pearson.
14:35 of 2nd period - Stopped by Alexandar Georgiev without a rebound.
14:36 of 2nd period - Jack Hughes wins face-off versus Tomas Hertl in Kings zone.
14:51 of 2nd period - Snap shot by Alex Ovechkin.
14:51 of 2nd period - Shot Blocked by Kirill Kaprizov.
14:53 of 2nd period - Snap shot by Tomas Hertl.
14:53 of 2nd period - Shot Misses the Net.
15:44 of 2nd period - Slapshot by Jonas Brodin.
15:44 of 2nd period - Shot Blocked by Kirill Kaprizov.
15:46 of 2nd period - Slapshot by Jayson Megna.
15:46 of 2nd period - Stopped by Igor Shesterkin without a rebound.
15:47 of 2nd period - Erik Haula wins face-off versus Jayson Megna in Kraken zone.
16:08 of 2nd period - Wrist shot by Carl Grundstrom.
16:08 of 2nd period - Shot Blocked by Nick Blankenburg.
16:10 of 2nd period - Slapshot by Trevor van Riemsdyk.
16:10 of 2nd period - Shot Blocked by Kirill Kaprizov.
16:16 of 2nd period - Snap shot by Jayson Megna.
16:16 of 2nd period - Shot Blocked by Jon Merrill.
16:18 of 2nd period - Slapshot by Alex Goligoski.
16:18 of 2nd period - Stopped by Igor Shesterkin with a rebound.
16:20 of 2nd period - Snap shot by Jayson Megna.
16:20 of 2nd period - Stopped by Igor Shesterkin with a rebound.
16:22 of 2nd period - Slapshot by Alex Goligoski.
16:22 of 2nd period - Stopped by Igor Shesterkin with a rebound.
16:24 of 2nd period - Snap shot by Carl Grundstrom.
16:24 of 2nd period - Goal by Carl Grundstrom - Kings : 3 - Kraken : 1.
16:25 of 2nd period - Tomas Hertl wins face-off versus Jack Hughes in neutral zone.
16:40 of 2nd period - Wrist shot by Tomas Hertl.
16:40 of 2nd period - Shot Blocked by Jack Hughes.
16:42 of 2nd period - Snap shot by Jordan Eberle.
16:42 of 2nd period - Deflect By Alex Ovechkin.
16:42 of 2nd period - Shot Misses the Net.
16:42 of 2nd period - Puck is out of play.
16:43 of 2nd period - Jeff Carter wins face-off versus Jordan Kyrou in Kraken zone.
17:42 of 2nd period - Wrist shot by Sean Kuraly.
17:42 of 2nd period - Stopped by Igor Shesterkin without a rebound.
17:43 of 2nd period - Jeff Carter wins face-off versus Jordan Kyrou in Kraken zone.
17:48 of 2nd period - Wrist shot by Tage Thompson.
17:48 of 2nd period - Goal by Tage Thompson - Kings : 4 - Kraken : 1.
17:49 of 2nd period - Jeff Carter wins face-off versus Jordan Kyrou in neutral zone.
18:22 of 2nd period - Slapshot by Conor Sheary.
18:22 of 2nd period - Deflect By Erik Haula.
18:22 of 2nd period - Stopped by Alexandar Georgiev without a rebound.
18:23 of 2nd period - Tomas Hertl wins face-off versus Erik Haula in Kings zone.
18:30 of 2nd period - Snap shot by Alex Ovechkin.
18:30 of 2nd period - Shot Misses the Net.
19:15 of 2nd period - Jan Rutta is hit by Artemi Panarin and loses puck.
Goals for this period are 4 for Kings vs 0 for Kraken.
Shots for this period are 14 for Kings vs 8 for Kraken.

3rd period


0:01 of 3rd period - Tomas Hertl wins face-off versus Jack Hughes in neutral zone.
0:26 of 3rd period - Jan Rutta is hit by Alex Goligoski and loses puck.
0:54 of 3rd period - Kris Letang is hit by Milan Lucic and loses puck.
1:01 of 3rd period - Slapshot by Milan Lucic.
1:01 of 3rd period - Shot Blocked by Kris Letang.
1:03 of 3rd period - Wrist shot by Milan Lucic.
1:03 of 3rd period - Stopped by Igor Shesterkin without a rebound.
1:04 of 3rd period - Jordan Kyrou wins face-off versus Tomas Hertl in Kraken zone.
1:04 of 3rd period - Jordan Kyrou is hit by Tomas Hertl.
1:12 of 3rd period - Snap shot by Jordan Kyrou.
1:12 of 3rd period - Stopped by Alexandar Georgiev with a rebound.
1:30 of 3rd period - Erik Haula is hit by Olli Maatta and loses puck.
2:13 of 3rd period - Snap shot by Sean Kuraly.
2:13 of 3rd period - Stopped by Igor Shesterkin with a rebound.
2:49 of 3rd period - Wrist shot by Jesperi Kotkaniemi.
2:49 of 3rd period - Shot Misses the Net.
2:51 of 3rd period - Snap shot by Marcus Pettersson.
2:51 of 3rd period - Stopped by Alexandar Georgiev without a rebound.
2:52 of 3rd period - Jack Hughes wins face-off versus Jordan Eberle in Kings zone.
3:03 of 3rd period - Wrist shot by Kirill Kaprizov.
3:03 of 3rd period - Shot Misses the Net.
5:03 of 3rd period - Jonathan Marchessault is hit by Jonas Brodin and loses puck.
5:32 of 3rd period - Jack Hughes is hit by Anthony Richard and loses puck.
7:12 of 3rd period - Slapshot by Luke Evangelista.
7:12 of 3rd period - Shot Misses the Net.
7:14 of 3rd period - Snap shot by Kris Letang.
7:14 of 3rd period - Deflect By Anthony Richard.
7:14 of 3rd period - Stopped by Alexandar Georgiev without a rebound.
7:15 of 3rd period - Tomas Hertl wins face-off versus Jack Hughes in Kings zone.
7:20 of 3rd period - Backhand shot by Kirill Kaprizov.
7:20 of 3rd period - Stopped by Alexandar Georgiev without a rebound.
7:21 of 3rd period - Tomas Hertl wins face-off versus Jack Hughes in Kings zone.
8:59 of 3rd period - Slapshot by Tomas Hertl.
8:59 of 3rd period - Shot Misses the Net.
9:01 of 3rd period - Snap shot by Alex Ovechkin.
9:01 of 3rd period - Shot Misses the Net.
9:15 of 3rd period - Joshua Brown is hit by Jonathan Marchessault.
9:32 of 3rd period - Kris Letang is hit by Sean Kuraly and loses puck.
9:53 of 3rd period - Jayson Megna is hit by Kirill Kaprizov and loses puck.
10:17 of 3rd period - Wrist shot by Alex Ovechkin.
10:17 of 3rd period - Shot Blocked by Cole Caufield.
10:19 of 3rd period - Snap shot by Tomas Hertl.
10:19 of 3rd period - Stopped by Igor Shesterkin with a rebound.
10:23 of 3rd period - Slapshot by Alex Ovechkin.
10:23 of 3rd period - Shot Misses the Net.
10:33 of 3rd period - Tage Thompson is hit by Luke Evangelista and loses puck.
10:41 of 3rd period - Icing by Artemi Panarin.
10:42 of 3rd period - Jeff Carter wins face-off versus Erik Haula in Kings zone.
11:00 of 3rd period - Snap shot by Tage Thompson.
11:00 of 3rd period - Stopped by Igor Shesterkin with a rebound.
11:02 of 3rd period - Wrist shot by Jeff Carter.
11:02 of 3rd period - Deflect By Artemi Panarin.
11:02 of 3rd period - Stopped by Igor Shesterkin with a rebound.
11:04 of 3rd period - Slapshot by Olli Maatta.
11:04 of 3rd period - Deflect By Jeff Carter.
11:04 of 3rd period - Shot Misses the Net.
11:04 of 3rd period - Puck is out of play.
11:05 of 3rd period - Tomas Hertl wins face-off versus Luke Evangelista in Kraken zone.
11:32 of 3rd period - Milan Lucic is hit by Cole Caufield and loses puck.
12:22 of 3rd period - Brandon Montour is hit by Jeff Carter and loses puck.
13:09 of 3rd period - Jan Rutta is hit by Jonas Brodin and loses puck.
13:18 of 3rd period - Cole Caufield is hit by Brian Dumoulin and loses puck.
14:28 of 3rd period - Slapshot by Christian Fischer.
14:28 of 3rd period - Goal by Christian Fischer - Kings : 5 - Kraken : 1.
14:29 of 3rd period - Tomas Hertl wins face-off versus Erik Haula in neutral zone.
15:17 of 3rd period - Snap shot by Brandon Montour.
15:17 of 3rd period - Stopped by Alexandar Georgiev with a rebound.
15:19 of 3rd period - Snap shot by Conor Sheary.
15:19 of 3rd period - Stopped by Alexandar Georgiev without a rebound.
15:20 of 3rd period - Jayson Megna wins face-off versus Conor Sheary in Kings zone.
15:26 of 3rd period - Icing by Jayson Megna.
15:27 of 3rd period - Jordan Kyrou wins face-off versus Jayson Megna in Kings zone.
16:13 of 3rd period - Trevor van Riemsdyk is hit by Cole Caufield and loses puck.
16:53 of 3rd period - Wrist shot by Luke Evangelista.
16:53 of 3rd period - Goal by Luke Evangelista - Kings : 5 - Kraken : 2.
16:54 of 3rd period - Tomas Hertl wins face-off versus Erik Haula in neutral zone.
17:40 of 3rd period - Snap shot by Alex Ovechkin.
17:40 of 3rd period - Stopped by Igor Shesterkin with a rebound.
17:44 of 3rd period - Snap shot by Alex Ovechkin.
17:44 of 3rd period - Shot Misses the Net.
18:02 of 3rd period - Slapshot by Alex Ovechkin.
18:02 of 3rd period - Shot Misses the Net.
18:04 of 3rd period - Snap shot by Tomas Hertl.
18:04 of 3rd period - Stopped by Igor Shesterkin with a rebound.
18:06 of 3rd period - Wrist shot by Tomas Hertl.
18:06 of 3rd period - Shot Misses the Net.
18:08 of 3rd period - Slapshot by Jonas Brodin.
18:08 of 3rd period - Shot Blocked by Cole Caufield.
18:10 of 3rd period - Wrist shot by Brian Dumoulin.
18:10 of 3rd period - Shot Misses the Net.
18:12 of 3rd period - Snap shot by Brian Dumoulin.
18:12 of 3rd period - Deflect By Alex Ovechkin.
18:12 of 3rd period - Shot Misses the Net.
18:12 of 3rd period - Puck is out of play.
18:13 of 3rd period - Jordan Kyrou wins face-off versus Jeff Carter in Kraken zone.
18:47 of 3rd period - Wrist shot by Conor Sheary.
18:47 of 3rd period - Shot Misses the Net.
18:49 of 3rd period - Wrist shot by Jesperi Kotkaniemi.
18:49 of 3rd period - Shot Blocked by Milan Lucic.
18:51 of 3rd period - Wrist shot by Conor Sheary.
18:51 of 3rd period - Stopped by Alexandar Georgiev without a rebound.
18:52 of 3rd period - Jordan Kyrou wins face-off versus Jeff Carter in Kings zone.
19:41 of 3rd period - Wrist shot by Jordan Kyrou.
19:41 of 3rd period - Stopped by Alexandar Georgiev with a rebound.
19:57 of 3rd period - Milan Lucic is hit by Luke Evangelista and loses puck.
Goals for this period are 1 for Kings vs 1 for Kraken.
Shots for this period are 8 for Kings vs 9 for Kraken.